 Dungeon Sprint DCSS version 0.31.0-32-g396128a36d (webtiles) character file.

Game seed: 9080101987858824377

304 Heoruswealwe the Spear-Bearer (level 6, -6/62 HPs)
             Began as a Minotaur Fighter on Apr 19, 2024.
             Was an Initiate of Gozag.
             Mangled by a wraith (11 damage)
             ... in the Dungeon (Sprint IX: "|||||||||||||||||||||||||||||").
             The game lasted 00:01:15 (114 turns).

Heoruswealwe the Spear-Bearer (Minotaur Fighter)     Turns: 114, Time: 00:01:15

Health: -6/62      AC:  8    Str: 22    XL:     6   Next: 15%
Magic:  5/5        EV:  9    Int:  5    God:    Gozag
Gold:   0          SH:  4    Dex: 10    Spells: 5/5 levels left

rFire   . . .        a - +0 trident
rCold   . . .        d - +0 buckler
rNeg    . . .        c - +0 scale mail
rPois   .            (helmet restricted)
rElec   .            (no cloak)
rCorr   .            (no gloves)
SInv    .            (no boots)
Will    .....        (no amulet) Stlth
                     (no ring)
HPRegen 0.30/turn    (no ring)
MPRegen 0.09/turn

%: no teleportation
@: gold aura
A: horns 2, retaliatory headbutt
a: Renounce Religion, Potion Petition, Call Merchant, Bribe Branch


You were in the Dungeon.
You worshipped Gozag.
Gozag was noncommittal.
You visited 1 branch

Inventory:

Hand Weapons
 a - a +0 trident (weapon)
Armour
 c - a +0 scale mail (worn)
 d - a +0 buckler (worn)
Jewellery
 k - a +3 ring of dexterity
 l - a +3 ring of dexterity
Wands
 h - a wand of roots (10)
Scrolls
 j - 2 scrolls of blinking
Potions
 b - a potion of might
 e - 5 potions of curing
 f - 3 potions of heal wounds
 g - a potion of haste
 i - a potion of berserk rage


   Skills:
 + Level 8.6 Fighting
 * Level 11.2 Polearms
 + Level 8.6 Armour
 - Level 3.6 Shields


You had 5 spell levels left.
You didn't know any spells.
Your spell library was empty.

Dungeon Overview and Level Annotations

Branches:
Dungeon (1/1)

Altars:
Cheibriados
Dithmenos
Elyvilon
Fedhas
Gozag
Hepliaklqana
Kikubaaqudgha
Makhleb
Nemelex Xobeh
Okawaru
Qazlal
Ru
Sif Muna
Trog
Uskayaw
Vehumet
Wu Jian
Xom
Yredelemnul
Zin
The Shining One
Jiyva
Lugonu


Innate Abilities, Weirdness & Mutations

You have a pair of horns on your head.
You reflexively headbutt those who attack you in melee.


Message History

Deactivating autopickup; reactivate with Ctrl-A.
The vampire casts a spell.
The vampire flickers and vanishes!
You puncture something!
Reactivating autopickup.
You feel a bit more experienced.
Your Fighting skill gained 2 levels and is now at level 8!
Your Polearms skill gained 2 levels and is now at level 10!
Your Armour skill gained 2 levels and is now at level 8!
You have reached level 5!
You have reached level 6!
You puncture the howler monkey!
The howler monkey is severely wounded.
You block the howler monkey's attack.
You hit the howler monkey. Your headbutt misses the howler monkey.
The howler monkey is almost dead.
The howler monkey barely misses you.
The yak is distracted by your dazzling golden aura.
You hit the howler monkey.
You kill the howler monkey!
The centaur is distracted by your dazzling golden aura.
Your Polearms skill increases to level 11!
The centaur shouts!
You hit the wraith but do no damage. Your headbutt misses the wraith.
The wraith hits you but does no damage.
You puncture the wraith!
The wraith is moderately damaged.
The centaur is no longer distracted by gold.
The wraith hits you but does no damage.
You completely miss the wraith.
The wraith is moderately damaged.
You hit the wraith. You headbutt the wraith.
The wraith is heavily damaged.
The yak is no longer distracted by gold.
The wraith hits you but does no damage.
You hit the wraith but do no damage. You headbutt the wraith!
The wraith is severely damaged.
The wraith hits you!
You die...
Your body crumbles into a pile of gold. ▓▓▓▓▓▓▓▓▓▓▓▓▓▓▓▓▓▓▓▓▓▓▓▓ ...cY{W@.[[[.)?!'_______ ▓▓▓▓▓▓▓▓▓▓▓▓▓▓▓▓▓▓▓▓▓▓▓▓

You could see a yak, a wraith and a centaur.

Vanquished Creatures
  A shadow (D)
  A howler monkey (D)
  A bombardier beetle (D)
  A jelly (D)
  2 iguanas (D)
  An orc (D)
  A giant cockroach (D)
  2 goblins (D)
  A kobold (D)
  A rat (D)
12 creatures vanquished.

Notes
Turn   | Place    | Note
-------+----------+-------------------------------------------
     0 | D        | Heoruswealwe the Minotaur Fighter began the quest for the
                  | Orb.
     0 | D        | Reached XP level 1. HP: 19/19 MP: 0/0
     5 | D        | Reached skill level 3 in Polearms
    22 | D        | Noticed a jelly
    22 | D        | Noticed an iguana
    22 | D        | Noticed an iguana
    22 | D        | Noticed a bombardier beetle
    27 | D        | Reached skill level 4 in Polearms
    30 | D        | Killed a bombardier beetle
    31 | D        | Reached skill level 5 in Fighting
    31 | D        | Reached skill level 5 in Polearms
    31 | D        | Reached skill level 5 in Armour
    31 | D        | Reached XP level 2. HP: 29/29 MP: 1/1
    31 | D        | Reached XP level 3. HP: 36/36 MP: 2/2
    37 | D        | Reached skill level 6 in Polearms
    42 | D        | Reached skill level 7 in Polearms
    42 | D        | Reached XP level 4. HP: 20/44 MP: 3/3
    44 | D        | Reached skill level 8 in Polearms
    52 | D        | Found a snail-covered altar of Cheibriados.
    52 | D        | Found a shadowy altar of Dithmenos.
    52 | D        | Found a white marble altar of Elyvilon.
    52 | D        | Found a blossoming altar of Fedhas.
    52 | D        | Found an opulent altar of Gozag.
    53 | D        | Found a hazy altar of Hepliaklqana.
    54 | D        | Found a viscous altar of Jiyva.
    55 | D        | Found an ancient bone altar of Kikubaaqudgha.
    56 | D        | Found a corrupted altar of Lugonu.
    57 | D        | Found a burning altar of Makhleb.
    58 | D        | Found a sparkling altar of Nemelex Xobeh.
    59 | D        | Found an iron altar of Okawaru.
    60 | D        | Became a worshipper of Gozag Ym Sagoz the Greedy
    61 | D        | Found a stormy altar of Qazlal.
    62 | D        | Found a sacrificial altar of Ru.
    63 | D        | Found a shimmering blue altar of Sif Muna.
    64 | D        | Found a bloodstained altar of Trog.
    65 | D        | Found a hide-covered altar of Uskayaw.
    66 | D        | Found a radiant altar of Vehumet.
    67 | D        | Found an ornate altar of the Wu Jian Council.
    68 | D        | Found a shimmering altar of Xom.
    69 | D        | Found a basalt altar of Yredelemnul.
    70 | D        | Found a glowing silver altar of Zin.
    71 | D        | Found a glowing golden altar of the Shining One.
    96 | D        | Noticed a centaur
    96 | D        | Noticed a yak
    96 | D        | Noticed a vampire
    96 | D        | Noticed a wraith
    96 | D        | Noticed a shadow
   104 | D        | HP: 2/45 [shadow (10)]
   106 | D        | Killed a shadow
   107 | D        | Reached skill level 10 in Polearms
   107 | D        | Reached XP level 5. HP: 3/55 MP: 4/4
   107 | D        | Reached XP level 6. HP: 3/62 MP: 5/5
   110 | D        | Reached skill level 11 in Polearms
   114 | D        | Mangled by a wraith

Illustrated notes

Levels and vault maps discovered:
D:        linesprint [early_d, line_temple, items_1, d_10, items_2, lair_1,
          lair_end, items_3, orc_1, orc_end, items_4, d_15, swamp_1, shoals_1,
          snake_1, spider_1, d_20, vaults_1, items_5, swamp_end, shoals_end,
          snake_end, spider_end, vaults_end, d_27, items_6, zot_1, zot_end,
          crypt_end, forest_end, elf_end, slime_end, tomb_end, abyss_end,
          pan_hell_end]

Skill      XL: |  1  2  3  4  5  6 |
---------------+-------------------+-----
Polearms       | 5 7 10 11 | 11.2
Fighting       | 5 6 8 |  8.6
Armour         | 5 6 8 |  8.6
Shields        | |  3.6

Action                     |  1- 3 |  4- 6 || total
---------------------------+-------+-------++-------
  Melee: Trident           |    31 |    20 ||    51
         Headbutt          |     3 |     4 ||     7
 Armour: Scale mail        |    11 |    11 ||    22
  Dodge: Dodged            |     8 |     2 ||    10
  Block: Buckler           |     4 |     1 ||     5
